 Dungeon Crawl Stone Soup version 0.30-a0-358-g0d69a1922f (webtiles) character file.

Game seed: 6309430328913946500

81 Sweetruy1997 the Chopper (level 4, 0/40 HPs)
             Began as a Hill Orc Monk on Nov 10, 2022.
             Slain by a gnoll
             ... wielding a +0 club
              (5 damage)
             ... on level 3 of the Dungeon.
             The game lasted 00:04:00 (2020 turns).

Sweetruy1997 the Chopper (Hill Orc Monk)            Turns: 2020, Time: 00:04:01

Health: 0/40       AC:  3    Str: 13    XL:     4   Next: 42%
Magic:  1/4        EV: 12    Int: 10    God:
Gold:   147        SH:  0    Dex: 15    Spells: 2/3 levels left

rFire   . . .      SeeInvis .    a - +0 hand axe
rCold   . . .      Faith    .    (no shield)
rNeg    . . .      Spirit   .    e - +0 leather armour
rPois   .          Reflect  .    (no helmet)
rElec   .          Harm     .    d - scarf {shadows}
rCorr   .          Rampage  .    (no gloves)
Will    .....                    (no boots)
Stlth   ++........               (no amulet)
HPRegen 0.26/turn                (no ring)
MPRegen 0.09/turn                (no ring)

@: no status effects
A: no striking features
a: no special abilities


You were on level 3 of the Dungeon.
You visited 1 branch of the dungeon, and saw 3 of its levels.

You collected 147 gold pieces.

Inventory:

Hand Weapons
 a - a +0 hand axe (weapon)
Missiles
 j - 3 silver javelins (quivered)
Armour
 d - a scarf of shadows (worn)
 e - a +0 leather armour (worn)
Scrolls
 b - a scroll of fear {unknown}
 f - a scroll of vulnerability {unknown}
 g - a scroll of identify {unknown}
 i - a scroll of butterflies {unknown}
 l - a scroll of poison {unknown}
 m - a scroll of immolation {unknown}
Potions
 c - 2 potions of ambrosia
 h - a potion of resistance {unknown}
 k - 2 potions of curing {unknown}
 n - a potion of lignification {unknown}
 o - a potion of magic {unknown}


   Skills:
 + Level 4.2 Fighting
 + Level 5.1 Axes
 + Level 0.1 Throwing
 + Level 1.0 Armour
 + Level 2.9 Dodging
 + Level 1.9 Stealth


You had 2 spell levels left.
You knew the following spells:

 Your Spells              Type           Power      Damage    Failure   Level
a - Magic Dart            Conj           0%         1d3       43%         1

Your spell library contained the following spells:

 Spells                   Type           Power      Damage    Failure   Level
 Call Imp                 Summ           0%         N/A       58%         2
 Cigotuvi's Dreadful Rot  Necr/Pois/Air  0%         N/A       58%         2
 Poisonous Vapours        Pois/Air       0%         N/A       58%         2
 Mephitic Cloud           Conj/Pois/Air  0%         N/A       82%         3


Dungeon Overview and Level Annotations

Branches:
Dungeon (3/15)

Altars:

Shops:
D:2 =


Message History

Aiming: Magic Dart (safe; 43% risk of failure)
Press: ? - help, Shift-Dir - straight line, f/p - gnoll
Aim: a gnoll, wielding a +0 flail (moderately wounded, 100% to hit)
You miscast Magic Dart.
Nothing appears to happen.
A gnoll comes into view. It is wielding a +0 club.
You throw a silver javelin. The gnoll shouts!
The silver javelin pierces through the gnoll.
The gnoll is severely wounded.
You throw a silver javelin.
The silver javelin pierces through the gnoll.
The gnoll is heavily wounded.
You closely miss the gnoll.
The gnoll is moderately wounded.
The gnoll hits you with a +0 flail.
You closely miss the gnoll.
The gnoll is moderately wounded.
The gnoll barely misses you.
You hit the gnoll.
The gnoll is heavily wounded.
The gnoll hits you with a +0 flail!
You closely miss the gnoll.
The gnoll is heavily wounded.
You closely miss the gnoll. The gnoll hits you with a +0 flail.
The gnoll hits you with a +0 flail!
You hit the gnoll.
The gnoll is severely wounded.
You hit the gnoll but do no damage. The gnoll closely misses you.
The gnoll hits you with a +0 flail.
* * * LOW HITPOINT WARNING * * *
The gnoll attacks as you move away! The gnoll hits you with a +0 flail!
* * * LOW HITPOINT WARNING * * *
You see here a scroll labelled WIUVEWN GEAMN.
You hit the gnoll.
You kill the gnoll!
You hit the gnoll.
The gnoll is heavily wounded.
Your magical contamination has completely faded away.
The gnoll hits you with a +0 club.
You die...

#.# .(( #.# ..
#.# ...
#######.##..#
#........... #.#
#..g# #.# ##.#@#
#####.###..g?## #
#.............#
#(#.###...#.....#
#.#..........#..#
#.........####..#
###.####..## #..#
#.####.... ....
#.......###


You could see 2 gnolls.

Vanquished Creatures
  A gnoll (D:3)
  2 adders (D:2)
  A worm (D:2)
  3 dart slugs
  4 ball pythons (D:1)
  6 bats
  3 endoplasms
  2 giant cockroaches (D:2)
  6 goblins
  A hobgoblin (D:2)
  2 jackals (D:2)
  2 quokkas
  5 frilled lizards
  4 kobolds
  2 rats
44 creatures vanquished.

Notes
Turn   | Place    | Note
-------+----------+-------------------------------------------
     0 | D:1      | Sweetruy1997 the Hill Orc Monk began the quest for the Orb.
     0 | D:1      | Reached XP level 1. HP: 19/19 MP: 1/1
   116 | D:1      | Reached XP level 2. HP: 20/27 MP: 2/2
   902 | D:2      | Reached XP level 3. HP: 29/33 MP: 3/3
  1391 | D:2      | Reached skill level 5 in Axes
  1391 | D:2      | Reached XP level 4. HP: 35/40 MP: 4/4
  1397 | D:2      | Reached skill level 1 in Armour
  1476 | D:2      | Learned a level 1 spell: Magic Dart
  1592 | D:2      | Found Lose's Jewellery Shoppe.
  2020 | D:3      | Slain by a gnoll

Illustrated notes

Levels and vault maps discovered:
D:1:      psy_arrival_terrarium, layout_basic
D:2:      kb_forest_paths, layout_basic, serial_shops, shop
D:3:      layout_loops_ring, lemuel_doored_altar, mainiacjoe_overflow_alcove_1,
          uniq_grinder

Skill      XL: |  1  2  3  4 |
---------------+-------------+-----
Fighting       | 4 |  4.2
Axes           | 5 |  5.1
Armour         | 1 |  1.0
Throwing       | |  0.1
Dodging        | |  2.9
Stealth        | |  1.9

Action                   |  1- 3 |  4- 6 || total
-------------------------+-------+-------++-------
Melee: Hand axe          |    96 |    17 ||   113
       Punch             |     1 |       ||     1
Throw: Javelin           |     9 |     3 ||    12
 Cast: Magic Dart        |       |     9 ||     9
 Stab: Sleeping          |     1 |       ||     1
Armor: Robe              |     3 |       ||     3
       Leather armour    |    20 |     4 ||    24
Dodge: Dodged            |    61 |    11 ||    72

Table legend: (Time is in decaauts)
 A = Elapsed time spent in this place.
 B = Non-inter-level travel time spent in this place.
 C = Inter-level travel time spent in this place.
 D = Time resting spent in this place.
 E = Time spent auto-exploring this place.
 F = Levels seen in this place.
 G = Mean time per level.
                   A        B        C        D        E       F      G
               +--------+--------+--------+--------+--------+-----+--------+
         Total |   2033 |   1992 |     41 |      0 |   1685 |   3 |  677.7 |
       Dungeon |   2033 |   1992 |     41 |      0 |   1685 |   3 |  677.7 |
               +--------+--------+--------+--------+--------+-----+--------+

Top non-repeatable levels by time:
     D:2: 985 daAuts
     D:1: 900 daAuts
     D:3: 147 daAuts
